 Dungeon Crawl Stone Soup version 0.18-a0-1800-gdc7a371 (webtiles) character file.

110235 Sixotanaka the Warrior (level 17, 0/147 HPs)
             Began as a Human Fighter on Apr 24, 2016.
             Was an Initiate of Gozag.
             Slain by a wolf spider (8 damage)
             ... led by a torpor snail
             ... on level 5 of the Lair of Beasts.
             The game lasted 02:00:59 (36464 turns).

Sixotanaka the Warrior (Human Fighter)             Turns: 36464, Time: 02:01:00

Health: 0/147      AC:  0    Str: 19    XL:     17   Next: 9%
Magic:  21/21      EV: 21    Int: 10    God:    Gozag
Gold:   4601       SH:  0    Dex: 16    Spells: 0 memorised, 16 levels left

rFire  . . .     SeeInvis .     (weapon currently unavailable)
rCold  . . .     Gourm    .     (armour currently unavailable)
rNeg   . . .     Faith    .     (shield currently unavailable)
rPois  .         Spirit   .     (helmet currently unavailable)
rElec  .         Dismiss  .     (cloak currently unavailable)
rCorr  .         Reflect  .     (gloves currently unavailable)
SustAt .         Harm     .     (boots currently unavailable)
MR     +....                    h - amulet of regeneration
Stlth  ++........               (ring currently unavailable)
                                (ring currently unavailable)

@: pig-form (expiring), slowed, somewhat resistant to hostile enchantments,
unstealthy
A: no striking features
a: Potion Petition, Call Merchant, Bribe Branch, Renounce Religion


You were on level 5 of the Lair of Beasts.
You worshipped Gozag.
Gozag was noncommittal.
You were not hungry.
You were a filthy swine.
You visited 5 branches of the dungeon, and saw 27 of its levels.
You also visited: Labyrinth and Ice Cave.

You collected 9981 gold pieces.
You spent 1909 gold pieces at shops.
You paid 3471 gold pieces to Gozag.


   Skills:
 - Level 17.3 Fighting
 - Level 14.0 Short Blades
 + Level 14.8 Armour
 - Level 9.1 Dodging
 - Level 3.0 Shields
 - Level 6.0 Evocations


You had 16 spell levels left.
You didn't know any spells.

Dungeon Overview and Level Annotations

Branches:
Dungeon (15/15)            Temple (1/1) D:6            Lair (8/8) D:11
 Shoals (0/4) Lair:3       Spider (1/4) Lair:5        Slime (0/6) Lair:6
    Orc (2/2) D:12            Elf (0/3) Orc:2        Vaults (0/5) D:13
 Depths (0/5) D:15

Altars:
Ashenzari
Cheibriados
Elyvilon
Fedhas
Gozag
Kikubaaqudgha
Makhleb
Nemelex Xobeh
Okawaru
Pakellas
Qazlal
Ru
Sif Muna
Trog
Vehumet
Xom
Yredelemnul
The Shining One
Beogh

Shops:
D:9 *   D:12 [   Orc:2 (*%(   Lair:6 (

Annotations:
D:7 Joseph
Lair:2 exclusion: oklob plant
Lair:5 Kirke
Lair:6 exclusion: 2 oklob plants

Inventory:

Hand Weapons
 a - the +0 rapier "Feqe" (melded) {elec, rC+ rN+ Dex-3 SInv}
   (You bought it in a shop on level 6 of the Lair of Beasts)

   Occasionally, upon striking a foe, it will discharge some electrical energy
   and cause terrible harm.
   It affects your dexterity (-3).
   It protects you from cold.
   It protects you from negative energy.
   It lets you see invisible.
 b - a +0 dagger of venom
   (You found it on level 8 of the Dungeon)
Missiles
 g - 8 tomahawks of dispersal {!f}
 Y - 3 throwing nets (quivered)
Armour
 c - a +0 shield (melded)
 j - a +0 helmet (melded)
 n - a +0 pair of boots (melded)
 u - a +0 pair of gloves (melded)
 C - a +2 plate armour of poison resistance (melded)
   (You bought it in a shop on level 12 of the Dungeon)
 L - a +2 cloak of poison resistance (melded)
   (You bought it in a shop on level 12 of the Dungeon)
Rods
 w - a +1 rod of ignition (9/9) {!a}
   (You took it off a minotaur in a labyrinth)
Jewellery
 h - an amulet of regeneration (around neck)
 i - the ring of Meol (melded) {rCorr +Inv rPois rC+}
   (You found it in an ice cave)

   [ring of resist corrosion]

   It protects you from cold.
   It protects you from poison.
   It lets you turn invisible.
 Q - a +5 ring of evasion (melded)
Wands
 s - a wand of digging (3/24)
 E - a wand of digging (0/24)
 H - a wand of iceblast (5/15)
 I - a wand of lightning (4/15)
 J - a wand of teleportation (4/9) {@v4}
 N - a wand of polymorph (15/24)
 T - a wand of enslavement (4/24)
 U - a wand of paralysis (7/24)
 W - a wand of disintegration (2/24)
Scrolls
 e - 13 scrolls of teleportation {@r4}
 f - a scroll of holy word
 l - 4 scrolls of recharging
 q - 3 scrolls of remove curse {@r2}
 t - 2 scrolls of fear
 v - 6 scrolls of immolation {!r}
 D - 4 scrolls of enchant armour
 K - a scroll of vulnerability {unknown}
 S - 3 scrolls of magic mapping
 V - 2 scrolls of fog
Potions
 d - 2 potions of haste {unknown}
 k - 13 potions of curing {@q1}
 o - 2 potions of ambrosia
 p - 2 potions of agility
 y - a potion of cure mutation {unknown}
 z - 6 potions of flight
 A - 3 potions of invisibility {unknown}
 B - a potion of cancellation {unknown}
 F - 2 potions of mutation {unknown}
 G - 2 potions of resistance {unknown}
 P - 3 potions of berserk rage
 X - 3 potions of brilliance {unknown}
 Z - 2 potions of degeneration {unknown}
Miscellaneous
 x - a stone of tremors
 R - a sack of spiders
Comestibles
 r - 4 bread rations
 M - 25 fruits

### ##### ####.###.#.########
##### ###
#.#.#.P.#.##.PP#..#######..P###.#
..............PP.................
...(.............................
....(...(........................
.....P((.......h.................
...##(P.......{s.................
..(P##......#..#h...............#
....###....##..##................
....(..![...#..##................
....##....#..##..#..............#
...###...^...^#.#.##.............
...# #.......h###..#.............
...# ##.......>.#..#............P
...# #P..#..^#..#.##..........PP.
...###....###.#.#..#............P


You could see a wolf spider and a hog.


Message History

Kirke casts a spell at you.
You turn into a filthy swine.
The +0 rapier "Feqe" {elec, rC+ rN+ Dex-3 SInv} melds into your body.
Your +2 cloak of poison resistance melds into your body.
Your +0 helmet melds into your body.
Your +0 pair of gloves melds into your body.
Your +0 pair of boots melds into your body.
Your +0 shield melds into your body.
Your +2 plate armour of poison resistance melds into your body.
Your +5 ring of evasion melds into your body.
The ring of Meol {rCorr +Inv rPois rC+} melds into your body.
The +0 rapier "Feqe" {elec, rC+ rN+ Dex-3 SInv} stops crackling.
You no longer feel resistant to poison. x2
The hog closely misses you. The wolf spider hits you.
The wolf spider bites you! The hog bites you!
Kirke points at you and mumbles some strange words.
You resist with significant effort. The wolf spider closely misses you.
The wolf spider bites you!
You climb upwards.
Welcome back to the Lair of Beasts!
You feel yourself speed up.
There is a hole to the Spider Nest, spattered with blood here.
The hog closely misses you. The wolf spider closely misses you.
The wolf spider bites you! The hog barely misses you.
Kirke mumbles some strange words.
Kirke flickers and vanishes!
Deactivating autopickup; reactivate with Ctrl-A.
The wolf spider completely misses you. The wolf spider bites you!
You are poisoned.
The wolf spider poisons you!
You feel sick.
You feel sick. The wolf spider hits you!
* * * LOW HITPOINT WARNING * * *
The wolf spider barely misses you.
You feel sick.
You feel sick.
You feel yourself slow down.
You feel sick.
You feel sick. The wolf spider hits you.
* * * LOW HITPOINT WARNING * * *
The wolf spider misses you.
You feel sick.
You feel sick. The wolf spider closely misses you.
The wolf spider barely misses you.
You feel sick.
You feel sick. The wolf spider misses you. The wolf spider bites you.
* * * LOW HITPOINT WARNING * * *
You feel sick.
You hear some strange, mumbled words.
You feel a momentary urge to oink.
You feel sick. The wolf spider hits you!!
* * * LOW HITPOINT WARNING * * *
The wolf spider bites you!
* * * LOW HITPOINT WARNING * * *
You are lethally poisoned!
The wolf spider poisons you!
Drink which item? (? for menu, Esc to quit)
You feel better.
Your transformation is almost over.
The wolf spider completely misses you. The wolf spider barely misses you.
You hear some strange, mumbled words.
You feel a momentary urge to oink. The wolf spider completely misses you.
The wolf spider bites you.
* * * LOW HITPOINT WARNING * * *
The hog completely misses you. The wolf spider hits you!!
* * * LOW HITPOINT WARNING * * *
The wolf spider bites you!
You die...
Your body crumbles into a pile of gold.

Action                   |  1- 3 |  4- 6 |  7- 9 | 10-12 | 13-15 | 16-18 || total
-------------------------+-------+-------+-------+-------+-------+-------++-------
Melee: Rapier            |    82 |   245 |   619 |  1144 |  1910 |  1330 ||  5330
       Dagger            |       |       |       |   681 |  1410 |   208 ||  2299
Throw: Throwing net      |       |       |       |       |       |     2 ||     2
Invok: Potion Petition   |       |       |       |     2 |     1 |     1 ||     4
       Call Merchant     |       |       |       |       |     2 |       ||     2
 Abil: Evoke Invisibilit |       |       |       |       |    12 |     4 ||    16
Evoke: Wand              |       |       |       |     8 |    51 |       ||    59
  Use: Potion            |       |     1 |     3 |     5 |     3 |     3 ||    15
       Scroll            |       |     8 |     4 |     7 |    14 |     3 ||    36
 Stab: Distracted        |       |       |     1 |     5 |    13 |     2 ||    21
       Invisible         |       |       |       |     2 |    57 |    13 ||    72
       Held in net/web   |       |       |       |       |     1 |       ||     1
       Paralysed         |       |       |       |       |     5 |       ||     5
  Eat: Chunk             |     2 |     9 |     2 |       |       |       ||    13
       Bread ration      |       |       |     1 |     7 |     4 |     1 ||    13
       Meat ration       |       |       |     1 |     1 |     5 |     2 ||     9
       Beef jerky        |       |       |     1 |     1 |     2 |     1 ||     5
       Royal jelly       |       |       |     1 |       |     1 |       ||     2
       Fruit             |       |       |       |     3 |     3 |    16 ||    22
       Pizza             |       |       |       |     1 |     3 |     2 ||     6
Armor: Scale mail        |    35 |   105 |    94 |       |       |       ||   234
       Ring mail         |       |       |    93 |   173 |       |       ||   266
       Plate armour      |       |       |       |   174 |   975 |   383 ||  1532
Dodge: Dodged            |    20 |    46 |   123 |   551 |  1136 |   505 ||  2381
Block: Shield            |    37 |    94 |   204 |   512 |  1041 |   404 ||  2292

Vault maps used:
D:1:      dpeg_arrival_solitude, serial_bayou_lagoon_a
D:2:      lemuel_coloured_pillars_altar
D:3:      nicolae_ru_the_path_less_chosen, uniq_terence
D:4:      first_bread
D:5:      kennysheep_six_static_rooms, lemuel_round_altar, serial_undead,
          serial_undead_f, serial_undead_c, serial_undead_c, serial_undead_e
D:6:      kennysheep_mini, temple_green
D:7:      grunt_temple_overflow_growth_and_decay, tso_altar,
          serial_corexii_hall, corexii_hall_statues_x, corexii_hall_statues_x,
          uniq_joseph
D:8:      kennysheep_mini_moat
D:9:      serial_shops, shop
D:11:     lair_0_dummy, hangedman_fish_farm, grunt_pakellas_salt
D:12:     minmay_orc_entry_guard_dogs
D:13:     grunt_vaults_entry_fortified
D:14:     serial_bayou_pond_c
D:15:     grunt_enter_depths_giant_problem, fedhas_altar_3,
          minmay_misc_feat_room
Temple:   circular_temple_12
Lair:1:   grunt_forest_large_clearings, lemuel_fruit_tree
Lair:2:   dpeg_oklob_gauntlet, grunt_megastairs_5, lemuel_fruit_fields,
          uniq_fannar
Lair:3:   minmay_shoals_entry_beasts, grunt_megastairs_1
Lair:4:   basic_altar, portal_ice_cave_entry_pillars_02, minivault_23,
          grunt_megastairs_4, serial_bayou_shore_a, uniq_harold
Lair:5:   spider_nest_entry_rubble, lemuel_centaur_altar, uniq_nessos
Lair:6:   minmay_slime_entry_oklob_open, lab_entry_generic, uniq_snorg
Lair:7:   uniq_josephine
Lair:8:   minmay_lair_end_enchanted_forest
Spider:1: nicolae_spider_mines_1, uniq_kirke, uniq_agnes, uniq_azrael
Orc:1:    basic_altar
Orc:2:    st_orc_pillars, basic_altar
Lab:      labyrinth_watery, nicolae_lab_stuck, nicolae_lab_blocks
IceCv:    ice_cave_small_dragons

Notes
Turn   | Place    | Note
--------------------------------------------------------------
     0 | D:1      | Sixotanaka the Human Fighter began the quest for the Orb.
     0 | D:1      | Reached XP level 1. HP: 18/18 MP: 1/1
   148 | D:1      | Reached XP level 2. HP: 24/24 MP: 2/2
   382 | D:1      | Reached skill level 3 in Short Blades
   841 | D:1      | Reached XP level 3. HP: 24/29 MP: 3/3
  1512 | D:2      | Reached XP level 4. HP: 34/35 MP: 4/4
  1562 | D:2      | Reached skill level 4 in Short Blades
  1922 | D:2      | Found an oddly glowing altar of Pakellas.
  2103 | D:3      | Noticed Terence
  2120 | D:3      | Killed Terence
  2213 | D:3      | Reached XP level 5. HP: 38/41 MP: 5/5
  2259 | D:3      | Found a sacrificial altar of Ru.
  2364 | D:3      | Reached skill level 5 in Short Blades
  2375 | D:3      | Noticed KNBrisson's ghost (weakling FeCK)
  2379 | D:3      | HP: 7/41 [something/puff of flame (9)]
  2774 | D:3      | Killed KNBrisson's ghost
  3453 | D:4      | Reached XP level 6. HP: 47/47 MP: 6/6
  3604 | D:4      | Reached skill level 6 in Short Blades
  4305 | D:5      | Entered Level 5 of the Dungeon
  4426 | D:5      | Reached XP level 7. HP: 52/52 MP: 7/7
  4486 | D:5      | Noticed KNBrisson's ghost (novice DsCK)
  4521 | D:5      | Reached skill level 7 in Short Blades
  4733 | D:5      | Reached skill level 8 in Short Blades
  4775 | D:5      | HP: 10/52 [ogre/giant club (18)]
  4995 | D:5      | Reached XP level 8. HP: 57/58 MP: 8/8
  5065 | D:5      | Reached skill level 9 in Short Blades
  5151 | D:5      | HP: 13/58 [orc priest/divine providence (11)]
  5593 | D:6      | Reached skill level 10 in Short Blades
  5787 | D:6      | Reached XP level 9. HP: 55/62 MP: 9/9
  5895 | D:6      | Found a basalt altar of Yredelemnul.
  5933 | D:6      | Found a staircase to the Ecumenical Temple.
  5945 | Temple   | Entered the Ecumenical Temple
  5968 | Temple   | Became a worshipper of Gozag Ym Sagoz the Greedy
  6128 | D:5      | Paralysed by KNBrisson's ghost for 6 turns
  6156 | D:5      | Killed KNBrisson's ghost
  6156 | D:5      | Reached skill level 11 in Short Blades
  6264 | D:5      | Found a snail-covered altar of Cheibriados.
  6716 | D:7      | Reached skill level 12 in Short Blades
  6831 | D:7      | Noticed Joseph
  6962 | D:7      | Found an ancient bone altar of Kikubaaqudgha.
  6962 | D:7      | Found a blossoming altar of Fedhas.
  6989 | D:7      | Found a glowing golden altar of the Shining One.
  7345 | D:8      | Found a stormy altar of Qazlal.
  7967 | D:8      | Reached XP level 10. HP: 53/69 MP: 10/10
  8191 | D:8      | Reached skill level 13 in Short Blades
  8724 | D:9      | HP: 17/69 [troll (11)]
  8924 | D:9      | Found Ziegiff's Assorted Antiques.
  8932 | D:9      | Bought a steaming scale mail for 261 gold pieces
  8942 | D:9      | Identified the +0 scale mail of the Forgotten Hells {Int+4} (You bought it in a shop on level 9 of the Dungeon)
  9176 | D:9      | Paralysed by a wasp for 2 turns
  9177 | D:9      | Reached skill level 14 in Short Blades
  9271 | D:9      | Reached skill level 1 in Dodging
  9477 | D:10     | Entered Level 10 of the Dungeon
  9498 | D:10     | Noticed a centaur warrior
  9700 | D:9      | Reached skill level 2 in Dodging
  9924 | D:10     | Killed a centaur warrior
  9924 | D:10     | Reached skill level 4 in Dodging
 10076 | D:10     | Reached skill level 5 in Dodging
 10087 | D:10     | You fall through a shaft for 3 floors!
 10087 | D:13     | Noticed a hill giant
 10234 | D:12     | Noticed a brown ugly thing
 10287 | D:11     | Reached XP level 11. HP: 50/75 MP: 11/11
 10396 | D:11     | Reached skill level 6 in Dodging
 10405 | D:11     | HP: 18/75 [gargoyle/mace (18)]
 10411 | D:11     | HP: 18/75 [wolf spider zombie (2)]
 10427 | D:11     | Reached skill level 7 in Dodging
 10783 | D:11     | Reached skill level 8 in Dodging
 10835 | D:11     | Found a staircase to the Lair.
 10851 | D:11     | Noticed a cyclops
 10865 | D:11     | Killed a cyclops
 11066 | D:11     | Reached skill level 9 in Dodging
 11238 | D:11     | Found an oddly glowing altar of Pakellas.
 11361 | D:11     | Reached skill level 4 in Armour
 11635 | Lair:1   | Entered Level 1 of the Lair of Beasts
 11687 | D:11     | Reached skill level 5 in Armour
 11922 | D:11     | Reached skill level 6 in Armour
 12287 | Lair:1   | Noticed a seven-headed hydra
 12360 | Lair:1   | Reached skill level 7 in Armour
 12360 | Lair:1   | Reached XP level 12. HP: 75/81 MP: 12/12
 12474 | Lair:1   | HP: 13/81 [spiny frog (19)]
 12476 | Lair:1   | HP: 2/81 [spiny frog (20)]
 12482 | Lair:1   | HP: 19/81 [poisoned by a spiny frog]
 12488 | Lair:1   | HP: 19/81 [poisoned by a spiny frog]
 12494 | Lair:1   | HP: 19/81 [poisoned by a spiny frog]
 12914 | Lair:1   | Reached skill level 8 in Armour
 13290 | Lair:2   | Reached skill level 1 in Evocations
 13422 | Lair:2   | Reached skill level 2 in Evocations
 13550 | Lair:2   | Reached skill level 3 in Evocations
 13803 | Lair:2   | Reached skill level 9 in Armour
 13889 | Lair:2   | Noticed Fannar
 13944 | Lair:2   | Killed Fannar
 13944 | Lair:2   | Reached skill level 4 in Evocations
 14459 | Lair:3   | Reached skill level 5 in Evocations
 15197 | Lair:3   | Reached skill level 10 in Armour
 15197 | Lair:3   | Reached skill level 6 in Evocations
 15342 | Lair:3   | Noticed a seven-headed hydra
 15407 | Lair:2   | Reached skill level 4 in Fighting
 15495 | Lair:3   | Killed a seven-headed hydra
 15495 | Lair:3   | Reached XP level 13. HP: 77/90 MP: 17/17
 15616 | Lair:3   | Reached skill level 5 in Fighting
 15677 | Lair:3   | Found a staircase to the Shoals.
 15760 | Lair:3   | Reached skill level 6 in Fighting
 16017 | Lair:4   | Noticed Harold
 16094 | Lair:4   | Found a frozen archway.
 16105 | IceCv    | Entered an ice cave
 16257 | IceCv    | Reached skill level 7 in Fighting
 16998 | IceCv    | Noticed an ice dragon
 16998 | IceCv    | Noticed an ice dragon
 17007 | IceCv    | HP: 23/96 [ice dragon (8)]
 17010 | IceCv    | Killed an ice dragon
 17010 | IceCv    | Reached skill level 8 in Fighting
 17026 | IceCv    | Killed an ice dragon
 17059 | IceCv    | Got a flickering diamond amulet
 17072 | IceCv    | Got a scorched tin ring
 17073 | IceCv    | Identified the ring of Meol {rCorr +Inv rPois rC+} (You found it in an ice cave)
 17265 | Lair:4   | Noticed a seven-headed hydra
 17274 | Lair:4   | Killed a seven-headed hydra
 17274 | Lair:4   | Reached skill level 9 in Fighting
 17369 | Lair:4   | Killed Harold
 17476 | Lair:4   | Found a stormy altar of Qazlal.
 17911 | Lair:4   | Reached skill level 10 in Fighting
 19056 | Lair:4   | Reached skill level 11 in Fighting
 19406 | Lair:5   | Found a hole to the Spider Nest.
 19435 | Lair:5   | Reached XP level 14. HP: 82/113 MP: 18/18
 19467 | Lair:5   | Noticed Nessos
 19542 | Lair:5   | Killed Nessos
 19917 | Lair:5   | Reached skill level 12 in Fighting
 19991 | Lair:5   | Found a shimmering altar of Xom.
 20641 | Lair:6   | Noticed Snorg
 20671 | Lair:6   | Killed Snorg
 20948 | Lair:6   | Found a labyrinth entrance.
 20970 | Lair:6   | Reached skill level 13 in Fighting
 20977 | Lab      | Entered a labyrinth
 21112 | Lab      | Identified the amulet "Boerith" {Faith Int+2} (You found it in an ice cave)
 22000 | Lair:6   | Found a staircase to the Slime Pits.
 23231 | Lair:7   | Noticed Josephine
 23269 | Lair:7   | Killed Josephine
 23269 | Lair:7   | Reached skill level 14 in Fighting
 23355 | Lair:6   | Bought a twisted rapier for 315 gold pieces
 23355 | Lair:6   | Identified the +0 rapier "Feqe" {elec, rC+ rN+ Dex-3 SInv} (You bought it in a shop on level 6 of the Lair of Beasts)
 24358 | Lair:8   | Entered Level 8 of the Lair of Beasts
 24530 | Lair:8   | Reached XP level 15. HP: 98/127 MP: 19/19
 24696 | Lair:8   | Reached skill level 15 in Fighting
 25992 | Lair:8   | Reached skill level 16 in Fighting
 27058 | Lair:8   | Got a spiked ring mail
 27069 | Lair:8   | Identified the cursed +1 ring mail "Xaidi" {Regen+ rCorr MP+9 Int+4} (You found it on level 8 of the Lair of Beasts)
 27862 | D:12     | Reached skill level 17 in Fighting
 28431 | D:12     | Found a staircase to the Orcish Mines.
 28439 | D:12     | Bought a glowing plate armour for 483 gold pieces
 28439 | D:12     | Bought a runed cloak for 94 gold pieces
 28466 | D:12     | Bought a glowing plate armour for 483 gold pieces
 28489 | Orc:1    | Entered Level 1 of the Orcish Mines
 28523 | Orc:2    | Entered Level 2 of the Orcish Mines
 28523 | Orc:2    | Found a staircase to the Elven Halls.
 28991 | Orc:1    | Found a roughly hewn altar of Beogh.
 29083 | Orc:1    | Noticed an orc warlord
 29283 | Orc:1    | Killed an orc warlord
 29413 | Orc:1    | Reached XP level 16. HP: 141/141 MP: 20/20
 29487 | Orc:2    | Found a bloodstained altar of Trog.
 30260 | Orc:1    | Reached skill level 11 in Armour
 31486 | Orc:2    | Reached skill level 12 in Armour
 31500 | Orc:2    | Found Xiufim's Weapon Shoppe.
 31503 | Orc:2    | Found Budeoxt's General Store.
 31504 | Orc:2    | Found Qewam's Antique Weapon Shoppe.
 31505 | Orc:2    | Found Niholywn's Food Shoppe.
 31510 | Orc:2    | Bought a throwing net for 33 gold pieces
 31518 | Orc:2    | Bought a bread ration for 60 gold pieces
 31518 | Orc:2    | Bought a bread ration for 60 gold pieces
 31518 | Orc:2    | Bought a bread ration for 60 gold pieces
 31518 | Orc:2    | Bought a bread ration for 60 gold pieces
 32525 | D:13     | Found a gate to the Vaults.
 32552 | D:13     | Reached skill level 13 in Armour
 33849 | D:14     | Found a roughly hewn altar of Beogh.
 34044 | D:15     | Entered Level 15 of the Dungeon
 34070 | D:15     | Found a blossoming altar of Fedhas.
 34384 | D:15     | Reached skill level 14 in Armour
 34408 | D:15     | Found a staircase to the Depths.
 34408 | D:15     | Noticed a fire giant
 34848 | D:15     | HP: 28/141 [hill giant/giant club (17)]
 34856 | D:15     | HP: 27/141 [hill giant/giant club (7)]
 35376 | D:15     | HP: 16/141 [fire giant/bolt of fire (35)]
 35380 | D:15     | Killed a fire giant
 35380 | D:15     | Reached XP level 17. HP: 32/147 MP: 21/21
 35848 | Spider:1 | Entered Level 1 of the Spider Nest
 35853 | Spider:1 | Noticed Azrael
 36168 | Spider:1 | Killed Azrael
 36256 | Spider:1 | Noticed Kirke
 36462 | Lair:5   | HP: 30/147 [wolf spider[a torpor snail] (24)]
 36464 | Lair:5   | HP: 8/147 [wolf spider[a torpor snail] (20)]
 36464 | Lair:5   | Slain by a wolf spider

Vanquished Creatures
  An orc warlord (Orc:1)
  A fire giant (D:15)
  Nessos (Lair:5)
  Azrael (Spider:1)
  Snorg (Lair:6)
  A minotaur (Lab)
  3 vault guards (D:13)
  Josephine (Lair:7)
  8 hydras
  A rakshasa (D:12)
  Fannar (Lair:2)
  Harold (Lair:4)
  2 ice dragons (IceCv)
  2 death knights
  12 death yaks
  2 centaur warriors
  5 orc high priests (Orc:2)
  2 unseen horrors (D:12)
  8 hill giants
  9 orc knights
  3 wolf spider zombies
  2 orc sorcerers
  A phantasmal warrior (D:15)
  8 griffons
  5 ugly things
  A deep elf mage (D:15)
  The ghost of KNBrisson the Skirmisher, a novice DsCK of Xom (D:5)
  4 cyclopes
  A centaur zombie (D:14)
  2 manticores
  4 elephants (Lair:5)
  7 black mambas
  2 torpor snails
  2 gargoyles
  2 rime drakes
  11 spiny frogs
  5 komodo dragons
  6 freezing wraiths
  2 spriggan druids (Lair:8)
  A tengu conjurer (D:13)
  A jumping spider (Spider:1)
  7 trolls
  A merfolk (D:11)
  9 polar bears
  2 two-headed ogres
  A harpy skeleton (D:15)
  A boulder beetle (Lair:6)
  10 blink frogs
  5 slime creatures (D:15)
  10 spriggans (Lair:8)
  15 redbacks
  A tarantella (Lair:5)
  61 yaks
  A wyvern (D:12)
  2 shadows (D:11)
  8 hippogriffs
  A steam dragon (D:8)
  6 wraiths
  2 hogs
  A hippogriff (shapeshifter) (D:13)
  2 humans (D:13)
  3 basilisks
  5 hungry ghosts
  5 vampire mosquitoes
  7 wargs
  A mottled dragon (D:13)
  4 hell hounds (Lair:5)
  11 porcupines
  15 water moccasins
  18 ice beasts
  5 black bears
  43 orc warriors
  3 sky beasts
  6 wasps
  An eye of draining (D:15)
  A necrophage (D:6)
  15 ogres
  3 phantoms
  21 centaurs
  30 wolves
  12 crocodiles
  27 giant frogs
  A gnoll sergeant (Orc:2)
  A scorpion (D:7)
  3 killer bees (D:8)
  A howler monkey (D:4)
  5 crimson imps
  The ghost of KNBrisson the Ducker, a weakling FeCK of Xom (D:3)
  3 hounds
  A jelly (D:15)
  30 orc priests
  6 centaur skeletons
  2 giant frog skeletons
  19 orc wizards
  A gnoll shaman (D:7)
  Terence (D:3)
  7 iguanas
  6 worker ants
  A killer bee zombie (D:9)
  21 sheep
  A worker ant zombie (D:5)
  9 gnolls
  12 adders
  71 river rats
  A shadow imp (D:15)
  3 oozes
  2 adder zombies
  An adder skeleton (D:4)
  3 worms
  A dart slug (D:2)
  8 giant geckos
  93 orcs
  6 giant cockroaches
  6 goblins
  2 hobgoblins
  14 jackals
  A quokka (D:12)
  A ball python (D:1)
  2 ball python skeletons
  8 bats
  A giant gecko skeleton (D:5)
  4 giant newts
  2 jackal zombies (D:5)
  5 kobolds
  A quokka zombie (D:5)
  4 rats
888 creatures vanquished.

Vanquished Creatures (others)
  A tarantella (Spider:1)
  3 orcs
  2 bushes (Lair:8)
  16 fungi
  10 plants
32 creatures vanquished.

Grand Total: 920 creatures vanquished
